Cogmind - Beta 16 --- EXPLORER MODE // 2025.12.08 @ 09:07:27 Player: K.K.Y. Result: Destroyed by S-10 Pest with Light Assault Rifle Performance ------------- Evolutions (0) 0 Regions Visited (3) 600 Robots Destroyed (45) 225 Value Destroyed (678) 678 Prototype IDs (0) 0 Alien Tech Used (0) 0 Bonus (30) 30 TOTAL SCORE: 1533 Bonus ------- Follower Combat Kills 30 Cogmind --------- Core Integrity 0/250 Matter 300/300 Energy 97/100 System Corruption 1% Temperature Cool (0) Movement Core (100) Ox1 Location -10/Subcaves Parts ------- > --- POWER (1) -------- (None) > --- PROPULSION (2) --- (None) > --- UTILITY (3) ------ Structural Scanner > --- WEAPON (2) ------- Makeshift Hammer Makeshift Spear > --- INVENTORY (5) ---- Huge Storage Unit Light Assault Rifle Battle Rifle Mining Laser Peak State ------------ > --- POWER ------------ Makeshift Power Source > --- PROPULSION ------- Flight Unit Flight Unit > --- UTILITY ---------- Structural Scanner Improved Terrain Scanner Terrain Scan Processor > --- WEAPON ----------- Makeshift Hammer Makeshift Spear > --- INVENTORY -------- Huge Storage Unit Light Assault Rifle Battle Rifle Mining Laser [Rating: 20] Favorites ----------- Power Light Ion Engine Engine Light Ion Engine Propulsion Flight Unit Treads Light Treads Flight Unit Flight Unit Utility Structural Scanner Device Structural Scanner Processor Terrain Scan Processor Weapon Light Assault Rifle Energy Gun Medium Laser Ballistic Gun Light Assault Rifle Special Weapon Mining Laser Impact Weapon Makeshift Hammer Piercing Weapon Makeshift Spear Build | -11 -10 -10 -10 ------- Run | Yrd Mat Min Sub Slots Evolved 1 | . 1 . . Power . | . . . . Propulsion . | . . . . Utility 1 | . 1 . . Weapon . | . . . . Parts Attached 21 | 5 7 1 8 Power 3 | 1 . . 2 Engine 3 | 1 . . 2 Core . | . . . . Reactor . | . . . . Propulsion 5 | 2 3 . . Treads 2 | 2 . . . Leg . | . . . . Wheel . | . . . . Hover . | . . . . Flight 3 | . 3 . . Utility 3 | . 3 . . Device 2 | . 2 . . Storage . | . . . . Processor 1 | . 1 . . Hackware . | . . . . Protection . | . . . . Artifact . | . . . . Weapon 10 | 2 1 1 6 Energy Gun 2 | . 1 . 1 Energy Cannon . | . . . . Ballistic Gun 5 | 2 . 1 2 Ballistic Cannon . | . . . . Launcher . | . . . . Special Weapon 1 | . . . 1 Impact Weapon 1 | . . . 1 Slashing Weapon . | . . . . Piercing Weapon 1 | . . . 1 Special Melee Weapon . | . . . . Unidentified Prototypes . | . . . . Parts Lost 6 | . . . 6 Power 2 | . . . 2 Propulsion 3 | . . . 3 Utility 1 | . . . 1 Weapon . | . . . . Highest Loss Streak 2 | . . . 2 To Critical Strikes . | . . . . Average Backups 4 | 1 4 4 4 Power . | . . . . Propulsion . | . . 1 . Utility 1 | . 1 1 1 Weapon 2 | 1 2 2 3 Tool/Special . | . . . . Unused Backups 3 | . 2 . 1 Power . | . . . . Propulsion 2 | . 2 . . Utility 1 | . . . 1 Weapon . | . . . . Tool/Special . | . . . . Average Slot Usage (%) 83 | . 66 100 87 Engine 9 | . 12 12 6 Treads 2 | . 5 . . Flight 22 | . 18 25 23 Device 15 | . 3 25 20 Processor 8 | . 1 12 11 Energy Gun 4 | . . 12 2 Ballistic Gun 14 | . 23 12 9 Special Weapon 1 | . . . 3 Impact Weapon 1 | . . . 4 Piercing Weapon 1 | . . . 4 Peak Build Rating 20 | 5 11 11 20 Average Rating 9 | 4 5 11 12 On Entrance 6 | . 5 11 11 Avg Prop Armor Cover (%) 4 | . . . 4 Naked Turns . | . . . . Heaviest Build 11 | 6 8 8 11 Greatest Support 40 | 40 40 8 8 Greatest Overweight (x) 1 | . 1 . 1 Average Overweight (x) . | . . . . Largest Inventory Capacity 5 | 5 5 5 5 Average Capacity 5 | 5 5 5 5 Most Carried 5 | 5 5 5 5 Average Carried 4 | 1 4 4 4 Final Capacity 5 | 5 5 5 5 Final Carried 4 | 3 4 4 4 Class Distribution -------------------- 49% | Hacker-Mutant 27% | Scavenger-Scout 20% | Hacker-Scout Dominant Class ---------------- Hacker-Mutant | -10/Materials Hacker-Scout | -10/Mines Scavenger-Scout | -10/Subcaves Resources | -11 -10 -10 -10 ----------- Run | Yrd Mat Min Sub Matter Collected 1012 | 259 510 14 229 Remotely . | . . . . Salvage Created 1392 | 174 914 123 181 Parts 89 | 17 59 9 4 Haulers Intercepted 2 | . 2 . . Recyclers Shooed 1 | . 1 . . Parts Field Recycled . | . . . . Retrieved Matter . | . . . . Parts Self-Destructed . | . . . . Prevented . | . . . . Parts Restored . | . . . . Kills | -11 -10 -10 -10 ------- Run | Yrd Mat Min Sub Combat Hostiles Destroyed 20 | . 13 2 5 Melee 1 | . . . 1 Guns 18 | . 13 2 3 Classes Destroyed 9 | 2 6 . 1 Worker 3 | . 3 . . Builder 7 | . 6 1 . Tunneler 7 | 6 1 . . Hauler 2 | . 2 . . Recycler 4 | 1 3 . . Watcher 2 | . 2 . . Swarmer 8 | . 6 2 . Grunt 7 | . 7 . . Subdweller 5 | . . . 5 Best Kill Streak 5 | 2 5 2 2 Combat Bots Only 3 | . 3 2 2 Max Kills in Single Turn 2 | 1 2 2 1 Gunslinging 1 | . . 1 . Exploded . | . . . . Melee 1 | . . . 1 Uniques/NPCs Destroyed . | . . . . Combat | -11 -10 -10 -10 -------- Run | Yrd Mat Min Sub Hostile Shots Fired 132 | . 67 7 58 Missed 51 | . 28 3 20 Hits 81 | . 39 4 38 Projectile 81 | . 39 4 38 Critical Strikes 3 | . . . 3 Damage Taken 808 | . 253 20 535 Core 255 | . 86 5 164 Absorbed by Shields . | . . . . Ignored by Resistances 432 | . 166 14 252 Core Remaining (%) 100 | 100 . . . Volleys Fired 148 | 21 81 11 35 Largest 2 | 2 2 2 2 Hottest 125 | 40 70 70 125 Shots Fired 294 | 42 162 22 68 Gun 289 | 42 162 22 63 Cannon . | . . . . Launcher . | . . . . Special 5 | . . . 5 Kinetic 266 | 42 161 11 52 Thermal 28 | . 1 11 16 Explosive . | . . . . Electromagnetic . | . . . . Robot Hit Streak 53 | 15 37 17 53 Robot Miss Streak 4 | 1 4 1 . Penetration Max . | . . . . Secondary Targets 6 | . 5 1 . Max Gunslinging Chain 1 | . 1 1 . Shots Hit Robots 231 | 34 131 19 47 Core Hits 74 | 9 50 7 8 Critical Kills 1 | . 1 . . Critical Parts Destroyed 3 | . 2 . 1 Critical Strikes 6 | . 3 1 2 Burn 1 | . . 1 . Destroy 3 | . 3 . . Smash 2 | . . . 2 Melee Attacks 41 | . . . 41 Impact 32 | . . . 32 Slashing . | . . . . Piercing 9 | . . . 9 Sneak Attacks . | . . . . Combat Hostiles . | . . . . Follow-up Attacks 1 | . . . 1 Damage Inflicted 2748 | 374 1360 208 806 Guns 2153 | 374 1360 208 211 Cannons . | . . . . Explosions . | . . . . Melee 499 | . . . 499 Ramming . | . . . . Kinetic 1976 | 374 1360 70 172 Thermal 273 | . . 138 135 Explosive . | . . . . Electromagnetic . | . . . . Impact 472 | . . . 472 Slashing . | . . . . Piercing 27 | . . . 27 Highest Corruption 1 | . . . 1 Average Corruption 1 | . . . 1 Corruption Purged . | . . . . Corruption Blocked . | . . . . Overload Shots . | . . . . Overflow Damage 77 | . . . 77 Projectiles . | . . . . Explosions . | . . . . Melee 77 | . . . 77 Knockbacks 3 | . . . 3 Impact 3 | . . . 3 Kinetic . | . . . . Secondary . | . . . . Self-Inflicted Damage . | . . . . Shots . | . . . . Rammed . | . . . . Targets Rammed . | . . . . Kicked . | . . . . Crushed . | . . . . Highest Temperature 116 | . 38 116 . Average Temperature 15 | . 6 42 . Received Heat Transfer 342 | . 201 . 141 Siege Activations . | . . . . Martial Activations . | . . . . Shielding Activations . | . . . . Robots Disrupted . | . . . . Combat Hostiles . | . . . . Robots Corrupted 1 | . . . 1 Combat Hostiles 1 | . . . 1 Parts Fried 4 | . . . 4 Impact Corruptions 4 | . . . 4 Robots Melted . | . . . . Combat Hostiles . | . . . . Parts Melted 2 | . . 2 . Heat Transferred 792 | . . 481 311 Parts Sabotaged . | . . . . Parts Stolen . | . . . . Parts Stripped . | . . . . Power Chain Reactions . | . . . . Alert | -11 -10 -10 -10 ------- Run | Yrd Mat Min Sub Maximum Alert Level . | . . . . Low Security (%) 100 | 100 100 100 . Level 1 . | . . . . Level 2 . | . . . . Level 3 . | . . . . Level 4 . | . . . . Level 5 . | . . . . High Security . | . . . . Max Security . | . . . . Peak Influence 111 | 5 111 50 . Initial . | . . . . Average 23 | 1 43 3 . Influence Increases 568 | 35 433 70 30 Destroy 0b10 Robot/C 300 | . 260 40 . Destroy 0b10 Robot/NC 140 | 35 85 20 . Destroy Leader 68 | . 58 10 . Partial Spotted 15 | . 15 . . Lose Combat Pursuer 45 | . 15 . 30 Influence Decreases 538 | 35 433 70 . Time Decay 538 | 35 433 70 . Squads Dispatched 1 | . 1 . . Investigation 1 | . 1 . . Extermination . | . . . . Reinforcement . | . . . . Assault . | . . . . Garrison . | . . . . Intercept . | . . . . Searches Triggered . | . . . . Construction Impeded . | . . . . Haulers Reinforced . | . . . . Active Scanning Responses . | . . . . Cargo Convoy Interrupts . | . . . . Stealth | -11 -10 -10 -10 --------- Run | Yrd Mat Min Sub Distress Signals . | . . . . Communications Jammed . | . . . . Distress Signals . | . . . . Times Spotted 34 | . 19 2 13 Peak Tracking Total 8 | . 3 2 8 Tactical Retreats 2 | . 1 . 1 Traps | -11 -10 -10 -10 ------- Run | Yrd Mat Min Sub Traps Triggered 3 | . 2 . 1 Indirectly . | . . . . Trap Hack Attempts . | . . . . Triggered . | . . . . Disarmed . | . . . . Reprogrammed . | . . . . Reused . | . . . . Traps Extracted . | . . . . Installed . | . . . . Triggered . | . . . . Machines | -11 -10 -10 -10 ---------- Run | Yrd Mat Min Sub Machines Disabled . | . . . . Max in Single Turn . | . . . . Machines Repaired . | . . . . Machines Dismantled . | . . . . Machines Sabotaged . | . . . . Overloaded Fab Kills . | . . . . Hacking | -11 -10 -10 -10 --------- Run | Yrd Mat Min Sub Machines Accessed 4 | . 3 . 1 Terminals 1 | . 1 . . Fabricators . | . . . . Repair Stations . | . . . . Recycling Units 2 | . 2 . . Scanalyzers . | . . . . Garrison Access . | . . . . Total Hacks 14 | . 10 . 4 Successful 7 | . 3 . 4 Failed 7 | . 7 . . Catastrophic 1 | . 1 . . Database Lockouts . | . . . . Manual 2 | . 2 . . Terminals 6 | . 6 . . Fabricators . | . . . . Repair Stations . | . . . . Recycling Units 4 | . 4 . . Scanalyzers . | . . . . Garrison Access . | . . . . Terminal Hacks 4 | . . . 4 Record 4 | . . . 4 Fabricator Hacks . | . . . . Repair Station Hacks . | . . . . Recycling Unit Hacks 2 | . 2 . . Retrieve Components 2 | . 2 . . Scanalyzer . | . . . . Garrison Access Hacks . | . . . . Unauthorized Hacks 1 | . 1 . . Terminals 1 | . 1 . . Botnet 1 | . 1 . . Fabricators . | . . . . Repair Stations . | . . . . Recycling Units . | . . . . Scanalyzers . | . . . . Garrison Access . | . . . . Data Cores Recovered . | . . . . Used . | . . . . Hacking Detections 2 | . 2 . . Full Trace Events 1 | . 1 . . Feedback Events . | . . . . Feedback Blocked . | . . . . Robot Schematics Acquired . | . . . . Robots Built . | . . . . Authchips . | . . . . Time . | . . . . Total Robot Build Rating . | . . . . Part Schematics Acquired . | . . . . Parts Built . | . . . . Authchips . | . . . . Time . | . . . . Total Part Build Rating . | . . . . Part Studies Acquired . | . . . . Parts Repaired . | . . . . Time . | . . . . Parts Recycled . | . . . . Recycled Matter . | . . . . Retrieved Matter . | . . . . Retrieved Components 5 | . 5 . . Parts Scanalyzed . | . . . . Part Schematics Acquired . | . . . . Parts Damaged . | . . . . Bothacking | -11 -10 -10 -10 ------------ Run | Yrd Mat Min Sub Used RIF Installer . | . . . . Robots Hacked . | . . . . Non-combat . | . . . . Combat . | . . . . Robot Hacks Applied . | . . . . Relay Couplers Released . | . . . . Fabnet Peak Effective % . | . . . . Robots Rewired . | . . . . Allies Hacked . | . . . . Hacks Repelled . | . . . . Allies | -11 -10 -10 -10 -------- Run | Yrd Mat Min Sub Total Allies 3 | . . 3 . Largest Group 3 | . . 3 3 Highest-Rated Group 40 | . . 40 40 Highest-Rated Ally 16 | . . 16 16 Total Orders . | . . . . Ally Attacks 7 | . . . 7 Total Damage 102 | . . . 102 Kills 1 | . . . 1 Allies Corrupted . | . . . . Allies Melted . | . . . . Intel | -11 -10 -10 -10 ------- Run | Yrd Mat Min Sub Active Infowar (turns) 1385 | . 103 490 792 Terrain 1117 | . 102 490 525 Structural 1385 | . 103 490 792 Robot Analysis Total . | . . . . Derelict Logs Recovered 1 | . . . 1 Drone Launches . | . . . . Drone Recoveries . | . . . . Exploration | -11 -10 -10 -10 ------------- Run | Yrd Mat Min Sub Turns Passed 2218 | 224 712 490 792 Spaces Moved 2491 | 71 982 376 1062 Core 48 | 16 . . 32 Treads 111 | 55 56 . . Legs . | . . . . Wheels . | . . . . Hover . | . . . . Flight 2332 | . 926 376 1030 Fastest Speed 37 | 50 37 37 37 Average Speed 44 | 135 44 37 41 Slowest Speed 160 | 160 160 37 120 Overloaded Moves . | . . . . Propulsion Burnouts . | . . . . Robots Hopped 6 | . 2 4 . Potential Cave-ins 8 | . . . 8 Cave-ins Triggered 1 | . . . 1 Exploration Rate (%) 57 | 6 98 85 39 Regions Visited 3 Branch Regions 2 Pre-discovered Areas . | . . . . Known Exits Taken 3 | 1 1 1 . Unknown Exits Taken . | . . . . Scrap Searched 12 | . . 1 11 Spaces Dug 12 | . . . 12 Terrain Destroyed 12 | . . . 12 Melee 12 | . . . 12 Projectile . | . . . . AOE . | . . . . Terrain Rammed . | . . . . Walls Destroyed . | . . . . Machines Disabled . | . . . . Actions | -11 -10 -10 -10 --------- Run | Yrd Mat Min Sub Total 3287 | 161 1113 702 1311 Wait 558 | 58 28 317 155 Move 2476 | 70 978 367 1061 Hop 5 | . 1 4 . Pick Up 20 | 7 8 1 4 Fast Attach 8 | 1 3 . 4 Attach 16 | 4 7 . 5 Detach 5 | . 1 . 4 Swap 7 | . 2 1 4 Drop 11 | . 4 1 6 Fire 148 | 21 81 11 35 Melee 32 | . . . 32 Ram . | . . . . Kick . | . . . . Crush . | . . . . Escape Stasis 1 | . . . 1 Rewire . | . . . . Trap . | . . . . Miscellaneous . | . . . . Route ------- -11/Scrapyard -10/Materials (discovered 5 exits: *Mat x3 / *Min / *Sub) -10/Mines (discovered 4 exits: *Mat x2 / Exi / *Sub) -10/Subcaves (discovered 2 exits: *Mat / *Rec) History --------- Turn | Location | Event 11 | -11/Scrapyard | Identified exit to Materials 11 | -11/Scrapyard | Discovered exit to Materials (range 15) 225 | -11/Scrapyard | Entered Materials 225 | -10/Materials | Evolved 1 slot: Utility x1 302 | -10/Materials | Build established: Hacker-Mutant 396 | -10/Materials | Identified exit to Materials 396 | -10/Materials | Discovered exit to Materials (range 15) 494 | -10/Materials | Discovered exit to Materials (range 14) 564 | -10/Materials | Identified exit to Mines 564 | -10/Materials | Discovered exit to Mines (range 16) 703 | -10/Materials | Discovered exit to Materials (range 5) 740 | -10/Materials | Identified exit to Subcaves 740 | -10/Materials | Discovered exit to Subcaves (range 5) 825 | -10/Materials | Derelicts attacked the area 937 | -10/Materials | Entered Mines 941 | -10/Mines | Met a Derelict bent on vengeance 1122 | -10/Mines | Identified exit to Exiles 1122 | -10/Mines | Discovered exit to Exiles (range 11) 1123 | -10/Mines | Build established: Hacker-Scout 1199 | -10/Mines | Discovered exit to Materials (range 5) 1232 | -10/Mines | YI-UF0 nonchalantly dropped a Grenade Launcher on the ground 1240 | -10/Mines | Discovered exit to Materials (range 14) 1296 | -10/Mines | Assisted by bots powering up and referring to "LRC-V3" 1335 | -10/Mines | Discovered exit to Subcaves (range 14) 1427 | -10/Mines | Entered Subcaves 1427 | -10/Subcaves | Accompanied by 3 allies 1428 | -10/Subcaves | Approached by a straggling Scientist 1455 | -10/Subcaves | Disturbed a concealed Subdweller 1471 | -10/Subcaves | Core integrity fell below 50% 1509 | -10/Subcaves | Identified exit to Materials 1509 | -10/Subcaves | Discovered exit to Materials (range 8) 1582 | -10/Subcaves | Lost 3 allies 1592 | -10/Subcaves | Build established: Scavenger-Scout 1618 | -10/Subcaves | Shifting Twisted Machinery released Mak. Spear 1652 | -10/Subcaves | Shifting Twisted Machinery released Mak. Light Armor Plating 1945 | -10/Subcaves | Core integrity fell below 20% 2120 | -10/Subcaves | Visited Clippyterm 2122 | -10/Subcaves | Learned Research security intel 2135 | -10/Subcaves | A swath of the cavern ceiling suddenly collapsed 2174 | -10/Subcaves | Crushed by falling debris 2212 | -10/Subcaves | Identified exit to Recycling 2212 | -10/Subcaves | Discovered exit to Recycling (range 15) 2219 | -10/Subcaves | Destroyed by S-10 Pest with Light Assault Rifle Last Messages --------------- digger of dangerously deep tunnels, unfortunately it seems not even members of the Boring Crew know what became of that one. >>Record "Optimus" It looks like you're curious about the current leader of 0bPrime. Optimus is well liked, but certainly not being up front with the UFD as a whole. A swath of the cavern ceiling suddenly collapses. 02174_ The unstable cave ceiling collapses. 02174_ Crushed by falling debris. 02174_ Flight Unit destroyed. 02174_ System corrupted by crushing effect (+1). 02178_ The unstable cave ceiling collapses. 02197_ Discarded Terrain Scan Processor. 02212_ EXIT=FOUND: RECYCLING 02216_ Destroyed Imp. Heat Sink. 02216_ G-47 Trooper system corrupted by crushing effect. Map ----- +----------------------------------------------------+ | ?????????????????????????????????????##"""""##???? | | ?????????????????????????????????????##""X""##???? | | ?????????????????????????????????????##" % "##???? | | ?????????????????????????????????????#### ####?### | | ?????????????????????????????????????#### ######## | | ?????????????????????????????????????### ##### | | ????????????????????????????????????### ## | | ????????????????????????????????????### ## | | ?????????????????????## ????????????## | | ?????????????????????#####?#####????## | | ?????????????????????#<###?#### ????## | | ???????????????????""" """?## ????### ## | | ????????????????##" " " ??### ###### #### | | ????????????????##" ???## ###### #### | | ????????????????## ???### #### ##### | | ????????????????## ? ##### ### #### | | ??????????? ?????? "######## #### | | ?????????? ####### #### #### ##### | | ?????????? ###### #### ##### ##### | | ????????## ### #### ##?## | | ????????## ##### | | ????????# ? ### | | ????????????? ##### | | ????????????????### ### ######### ## ##### | | ???????????????#### s### ############ ##### | | ???????????????### s @g ############# # | | ???????????###?## ss ##????#### | | ???????????## ## ; ###??????### | | ??????????### ### #;#######??????##### | | ??????????## ??### ;;#;#####????????##### | | ??????????### ???## ;;# "###????????????### | | ??????????####????#### ;#######?????????????### | | ???????????###????#### #;#"#####?????????????### | | ????????????????????### #;;""""##??????????????## | | ????????????????????#####";####"####?????????????# | | ?????????????????????### ###### ####?????????????# | | ??????????????????????########""""##?????????????# | | ??????????????????????########""####?????????????# | | ??????????????????????????##"""""###?????????????# | | ??????????????????????????### #"#########????????? | | ??????????????????????????###"#"#########????????? | | ???????????????????????????##"" " ####????????? | | ???????????????????????????####""########????????? | | ???????????????????????????##############????????? | | ?????????????????????????????######??????????????? | | ?????????????????????????????????????????????????? | | ?????????????????????????????????????????????????? | | ?????????????????????????????????????????????????? | | ?????????????????????????????????????????????????# | | ?????????????????????????????????????????????????# | +----------------------------------------------------+ Best States ------------- Heat Dissipation 25 Energy Generation 15 Energy Capacity 170 Matter Stores 300 Matter Capacity 300 Sight Range 16 Terrain Scan Range 16 Terrain Scan Density 85 Resistance: KI 35 Resistance: TH 35 Resistance: EX 35 Resistance: EM 35 Resistance: I 35 Resistance: S 35 Resistance: P 35 Evasion (%) 62 Recoil Reduction 2 Offensive Hacking 20 Item Schematics ----------------- None Robot Schematics ------------------ None Fabricated ------------ Nothing Repaired ---------- Nothing Studied --------- None Alien Tech Used ----------------- None Achievements -------------- None Challenges ------------ None Game ------ Seed AlphaPortableKinecellerator Manual? 0 Play Time 00:20:39 Cumulative 174.0 hours Start 2025.12.08 @ 08:49:27 End 2025.12.08 @ 09:07:27 Sessions 1 Manual Loads 0 Difficulty Explorer Special Mode None Game No. 236 Rogue 0 Adventurer 0 Explorer 236 Win Type - Total 0 Types 0/0/0/0/0/0/0/0/0/0 Lore% 70 Gallery% 67 Achievement% 53 Wizard Run 0 Options --------- Layout 1 ASCII 0 Keyboard 0 Movement Mouse Keybinds 0 Fullscreen 1 Font 24/Smallcaps Map View 50x35 Zoom Use 0% Tactical HUD 1 Map Filters NONE Filters NONE Steam 1 RUN: 5f3211dc-f189-4bc5-91c9-4d69e5845b1f